 Dungeon Crawl Stone Soup version 0.29.0-13-gc9e81de378 (webtiles) character file.

Game seed: 8147826021157072975

73 sanka the Gusty (level 4, -4/24 HPs)
             Began as a Tengu Air Elementalist on Sept 9, 2022.
             Shot with an arrow by a centaur (5 damage)
             ... on level 3 of the Dungeon.
             The game lasted 00:02:52 (2763 turns).

sanka the Gusty (Tengu Air Elementalist)            Turns: 2763, Time: 00:02:53

Health: -4/24      AC:  3    Str:  9    XL:     4   Next: 27%
Magic:  7/8        EV: 16    Int: 17    God:
Gold:   131        SH:  0    Dex: 14    Spells: 1/7 levels left

rFire   . . .      SeeInvis .   (no weapon)
rCold   + . .      Faith    .   (no shield)
rNeg    . . .      Spirit   .   a - +0 robe
rPois   .          Reflect  .   (helmet restricted)
rElec   .          Harm     .   (no cloak)
rCorr   .          Rampage  .   g - +0 pair of gloves
Will    .....                   (boots unavailable)
Stlth   ++........              (no amulet)
HPRegen 0.08/turn               o - ring of protection from cold
MPRegen 0.11/turn               h - +4 ring of evasion

@: no status effects
A: beak, talons 3
a: no special abilities


You were on level 3 of the Dungeon.
You visited 1 branch of the dungeon, and saw 3 of its levels.

You collected 131 gold pieces.


Innate Abilities, Weirdness & Mutations

You have a beak for a mouth.
You have claws for feet.


   Skills:
 - Level 2.1 Dodging
 - Level 2.0 Stealth
 + Level 2.4 Spellcasting
 - Level 2.0 Conjurations
 + Level 6.1 Air Magic


You had one spell level left.
You knew the following spells:

 Your Spells              Type           Power      Damage    Failure   Level
s - Swiftness             Air            22%        N/A       4%          3
z - Shock                 Conj/Air       60%        1d6       3%          1
Z - Static Discharge      Conj/Air       15%        3-5/arc   5%          2

Your spell library contained the following spells:

 Spells                   Type           Power      Damage    Failure   Level
 Airstrike                Air            11%        2d(2-18)  16%         4

Inventory:

Armour
 a - a +0 robe (worn)
 g - a +0 pair of gloves (worn)
Jewellery
 h - a +4 ring of evasion (right hand)
 o - a ring of protection from cold (left hand)
Wands
 i - a wand of charming (10)
Scrolls
 c - a scroll of vulnerability {unknown}
 d - 3 scrolls of identify {unknown}
 e - a scroll of amnesia {unknown}
 f - a scroll of noise {unknown}
 k - 2 scrolls of enchant weapon {unknown}
 m - a scroll of blinking {unknown}
 n - a scroll of teleportation {unknown}
Potions
 b - a potion of magic
 j - 4 potions of heal wounds {unknown}
 l - a potion of brilliance {unknown}
 p - a potion of cancellation {unknown}

Dungeon Overview and Level Annotations

Branches:
Dungeon (3/15)

Altars:
Okawaru

Shops:
D:2

( ▒.▒ ▒.▒▒▒▒▒▒▒▒▒▒▒▒ ▒.▒
▒...>......... ▒.▒
▒▒▒▒▒▒▒▒▒▒.▒..
▒.▒▒▒▒▒▒▒▒▒▒▒▒▒▒▒▒▒▒.▒▒▒
▒......[▒<........▒▒.▒
▒▒▒▒▒▒▒.▒.▒▒▒▒▒▒▒.▒▒.▒
▒.▒.▒ ▒▒▒▒.▒▒.▒▒▒ ▒.▒.▒
▒.......... ▒Q▒.▒
▒.▒▒..▒▒▒▒.
▒.▒.▒▒▒▒.▒▒..▒ ▒.
▒.▒..........▒ ▒.
▒.▒▒▒▒▒▒.▒▒▒.▒ ▒. ▒.▒
▒.▒ ▒.▒ ▒. ▒.▒ ▒.▒ ▒.▒
▒. ..▒ ▒.▒ ▒.▒ ▒▒ .c..
..† ▒.▒▒▒ ▒.▒


You could see a centaur.


Message History

There is a stone staircase leading down here.
Found a black potion.
p - a black potion A ball python comes into view.
Found a scale mail.
The zap hits the ball python.
You kill the ball python!
You can't see any susceptible monsters within range! (Use Z to cast anyway.)
You can't see any susceptible monsters within range! (Use Z to cast anyway.)
You see here a +0 scale mail.
A centaur comes into view.
A centaur is nearby!
A centaur is nearby!
A centaur is nearby!
The zap hits the centaur.
The centaur is lightly wounded.
The centaur shouts!
The centaur wields a +0 shortbow.
The centaur shoots an arrow.
The arrow hits you!
The centaur shoots an arrow.
The arrow hits you.
* * * LOW HITPOINT WARNING * * *
You hear a bark!
The centaur shoots an arrow.
The arrow hits you!
* * * LOW HITPOINT WARNING * * *
The centaur shoots an arrow.
The arrow hits you.
You die...

Action                   |  1- 3 |  4- 6 || total
-------------------------+-------+-------++-------
Melee: Unarmed           |    16 |       ||    16
       Kick              |     8 |       ||     8
       Peck              |     1 |       ||     1
       Punch             |     1 |       ||     1
 Cast: Shock             |    97 |    20 ||   117
Armor: Robe              |     1 |       ||     1
Dodge: Dodged            |    17 |     3 ||    20

Levels and vault maps discovered:
D:1:      roderic_octagonal_star, layout_basic
D:2:      layout_basic, serial_shops, shop
D:3:      layout_loops_ring, kennysheep_okawaru_gauntlet, serial_shops,
          nicolae_shop_overgrown_old_shop, chequers_ecumenical_altar_lobes

Notes
Turn   | Place    | Note
-------+----------+-------------------------------------------
     0 | D:1      | sanka the Tengu Air Elementalist began the quest for the
                  | Orb.
     0 | D:1      | Reached XP level 1. HP: 10/10 MP: 4/4
   180 | D:1      | Reached skill level 2 in Conjurations
   266 | D:1      | Reached XP level 2. HP: 15/15 MP: 3/6
   797 | D:1      | Reached skill level 5 in Air Magic
   845 | D:1      | Reached XP level 3. HP: 19/19 MP: 0/7
  1508 | D:2      | Learned a level 3 spell: Swiftness
  1511 | D:2      | Learned a level 2 spell: Static Discharge
  1554 | D:2      | Found Gohi's Weapon Boutique.
  2185 | D:2      | Reached XP level 4. HP: 17/24 MP: 1/8
  2422 | D:3      | Reached skill level 6 in Air Magic
  2551 | D:3      | Found an iron altar of Okawaru.
  2758 | D:3      | Noticed a centaur
  2763 | D:3      | HP: 1/24 [centaur/arrow (11)]
  2763 | D:3      | Shot with an arrow by a centaur

Vanquished Creatures
  5 dart slugs
  7 ball pythons
  5 bats
  3 endoplasms
  3 giant cockroaches
  9 goblins
  8 hobgoblins
  A jackal (D:3)
  4 kobolds
  3 quokkas
  A frilled lizard (D:3)
  6 rats
55 creatures vanquished.
